 Dungeon Crawl Stone Soup version 0.31-a0-1321-g5021b54cb2 (webtiles) character file.

Game seed: 9852610283416885231

2155 Crabhammer the Toxicologist (level 9, 0/51 HPs)
             Began as an Octopode Alchemist on Dec 20, 2023.
             Was a Follower of Wu Jian.
             Succumbed to something's curare-tipped dart
             ... on level 6 of the Dungeon on Dec 21, 2023.
             The game lasted 00:49:27 (9764 turns).

Crabhammer the Toxicologist (Octopode Alchemist)    Turns: 9764, Time: 00:49:28

Health: 0/51       AC:  9    Str:  8    XL:     9   Next: 31%
Magic:  6/12       EV: 13    Int: 17    God:    Wu Jian [*.....]
Gold:   204        SH:  5    Dex: 16    Spells: 2/12 levels left

rFire   . .          .
                       - Unarmed
rCold   + . .        (no shield)
rNeg    . . .        (helmet restricted)
rPois   .            j - amulet of reflection
rElec   .            f - +4 ring of protection
rCorr   .            g - ring of protection from cold
SInv    .            o - +4 ring of protection
Will    .....        (no ring)
Stlth   +++          (no ring)
HPRegen 0.28/turn    (no ring)
MPRegen 0.13/turn    (no ring)
                     (no ring)

%: reflection
@: lethally poisoned (0 -> -12), slowed, very slow
A: almost no armour, amphibious, 8 rings, camouflage 1, gelatinous body 1,
(nimble swimmer 1), tentacles
a: Renounce Religion


You were on level 6 of the Dungeon.
You worshipped Wu Jian.
Wu Jian was aware of your devotion.
You visited 2 branches of the dungeon, and saw 9 of its levels.

You collected 339 gold pieces.
You spent 135 gold pieces at shops.

Inventory:

Jewellery
 f - a +4 ring of protection (left tentacle)
 g - a ring of protection from cold (right tentacle)
 j - an amulet of reflection (around mantle)
 o - a +4 ring of protection (on tentacle)
Talismans
 b - a serpent talisman
 c - a maw talisman
Wands
 q - a wand of flame (7)
Scrolls
 h - a scroll of immolation
 i - 2 scrolls of poison
 k - 2 scrolls of enchant armour
 p - 2 scrolls of identify
Potions
 a - a potion of magic
 d - a potion of cancellation
 e - a potion of brilliance
 l - 2 potions of enlightenment
 n - 4 potions of attraction
 r - a potion of curing


   Skills:
 + Level 0.1 Fighting
 + Level 2.1 Dodging
 + Level 3.0 Stealth
 * Level 6.4 Unarmed Combat
 - Level 2.0 Spellcasting
 - Level 3.9 Conjurations
 - Level 4.5 Air Magic
 - Level 8.8 Alchemy
 * Level 1.9 Shapeshifting


You had 2 spell levels left.
You knew the following spells:

 Your Spells              Type           Power      Damage    Failure   Level
a - Sting                 Conj/Alch      92%        1d8       1%          1
b - Mercury Vapours       Alch/Air       48%        N/A       1%          2
c - Mephitic Cloud        Conj/Alch/Air  21%        N/A       5%          3
d - Olgreb's Toxic Radia  Alch           31%        N/A       4%          4

Your spell library contained the following spells:

 Spells                   Type           Power      Damage    Failure   Level
 Shock                    Conj/Air       64%        1d7       3%          1
 Kiss of Death            Conj/Necr      32%        2d7       9%          1
 Apportation              Tloc           2%         N/A       19%         1
 Ensorcelled Hibernation  Hex/Ice        2%         N/A       28%         2
 Jinxbite                 Hex            2%         N/A       28%         2
 Swiftness                Air            17%        N/A       9%          3
 Alistair's Intoxication  Alch           20%        N/A       14%         5
 Airstrike                Air            8%         2d(2-18)  30%         4
 Sticky Flame             Fire/Alch      16%        2d5       30%         4
 Fugue of the Fallen      Necr           1%         N/A       50%         3
 Brom's Barrelling Bould  Conj/Erth      8%         2d3       65%         4
 Iskenderun's Battlesphe  Conj           15%        2d7       71%         5
 Anguish                  Hex/Necr       0%         N/A       88%         4
 Fireball                 Conj/Fire      4%         3d4       94%         5
 Borgnjor's Vile Clutch   Necr/Erth      0%         N/A       99%         5
 Conjure Ball Lightning   Conj/Air       8%         3x3d6     99%         6
 Dispersal                Tloc           0%         N/A       100%        6
 Orb of Destruction       Conj           7%         9d6       100%        7


Dungeon Overview and Level Annotations

Branches:
Dungeon (8/15)             Temple (1/1) D:6
   Lair: D:8-11

Altars:
Cheibriados
Dithmenos
Elyvilon
Fedhas
Gozag
Hepliaklqana
Kikubaaqudgha
Makhleb
Okawaru
Qazlal
Ru
Sif Muna
Trog
Vehumet
Wu Jian
Xom
Yredelemnul
Zin

Shops:
D:1 *   D:6 [

Annotations:
D:6 1 runed translucent door, Darkkill's ghost, novice MiHu
D:7 4 runed translucent doors, Maurice


Innate Abilities, Weirdness & Mutations

You cannot wear most types of armour.
You are amphibious.
You can wear up to eight rings at the same time.
Your skin changes colour to match your surroundings (Stealth+).
Your rubbery body absorbs attacks. (AC +1, EV +1)
((You are camouflaged when in or above water. (Stealth+)))
You have tentacles for arms and can constrict up to eight enemies at once.


Message History

Fumes of mercury billow around the gnoll!
The gnoll looks even sicker.
The gnoll looks even weaker.
You tentacle-slap the gnoll. Your grab misses the gnoll.
The gnoll is severely wounded.
You tentacle-slap the gnoll but do no damage.
You grab the gnoll.
The gnoll is almost dead.
You constrict the gnoll.
You kill the gnoll!
The Council accepts your kill.
Maurice throws a curare-tipped dart.
The curare-tipped dart closely misses you.
Maurice throws a curare-tipped dart.
The curare-tipped dart hits you.
You are poisoned.
You have difficulty breathing.
You feel yourself slow down.
You feel very sick.
Maurice zaps a wand.
Your mind is blasted!
Maurice gestures wildly while chanting.
Maurice flickers and vanishes!
Deactivating autopickup; reactivate with Ctrl-A.
You feel sick.
You feel sick.
You feel sick.
You feel sick.
You are no longer poisoned.
Things that are here:
a +0 robe; a +2 scimitar
There is a stone staircase leading up here.
A curare-tipped dart appears from out of thin air!
The curare-tipped dart barely misses you.
A curare-tipped dart appears from out of thin air!
The curare-tipped dart hits you.
You are poisoned.
You have difficulty breathing.
* * * LOW HITPOINT WARNING * * *
You feel as though you will be slow longer.
You climb upwards.
Level annotation: 1 runed translucent door, Darkkill's ghost, novice MiHu Reactivating autopickup.
You die...

.........................#
...[.........##...####.###
..##.###.##..##...####.#
####'###.##..##........#
#..........#.........#
#........[.'.........#
#..........#.........#
##..###....###..##...# ####
#######....###@.##...#####..#
#....#.......'..............#
#....#.......#..............#
#....#.......#..............#
#....#########......<.......#
#...........................#
###..###.####..###...##########
#####..###.#∩.##+###...#######..#
........##.##.#..#..............#


There were no monsters in sight!

Vanquished Creatures
  Maggie (D:6)
  A hornet (D:6)
  A sky beast (D:6)
  2 ice beasts
  A black bear (D:4)
  2 ogres
  2 kobold brigands
  Blork the orc (D:4)
  2 bullfrogs
  2 scorpions
  A gnoll sergeant (D:7)
  2 wights (D:7)
  2 hounds
  2 jellies
  An orc priest (D:7)
  2 iguanas (D:5)
  A sleepcap (D:6)
  8 gnolls
  8 adders
  A shadow imp (D:6)
  3 white imps
  2 worms (D:4)
  4 dart slugs
  8 orcs
  6 ball pythons
  7 bats
  7 endoplasms
  3 giant cockroaches
  5 goblins
  9 hobgoblins
  2 quokkas
  3 frilled lizards
  17 kobolds
  3 rats
  A spectral kobold (D:1)
123 creatures vanquished.

Notes
Turn   | Place    | Note
-------+----------+-------------------------------------------
     0 | D:1      | Crabhammer the Octopode Alchemist began the quest for the
                  | Orb.
     0 | D:1      | Reached XP level 1. HP: 11/11 MP: 3/3
   195 | D:1      | Reached skill level 1 in Unarmed Combat
   195 | D:1      | Reached XP level 2. HP: 17/17 MP: 0/5
   364 | D:1      | Learned a level 2 spell: Mercury Vapours
   526 | D:1      | Found a faded altar of an unknown god.
   873 | D:1      | Found Imud's Assorted Antiques.
   957 | D:1      | Reached skill level 4 in Alchemy
  1090 | D:1      | Reached XP level 3. HP: 20/21 MP: 3/6
  2361 | D:2      | Reached XP level 4. HP: 27/27 MP: 1/7
  2420 | D:2      | Learned a level 3 spell: Mephitic Cloud
  3066 | D:1      | Bought a tubular copper ring for 135 gold pieces
  3269 | D:3      | Reached skill level 5 in Alchemy
  3418 | D:3      | Reached XP level 5. HP: 31/31 MP: 1/8
  3565 | D:3      | Found a shimmering altar of Xom.
  4449 | D:4      | Noticed a black bear
  4474 | D:4      | Killed a black bear
  4475 | D:4      | Reached XP level 6. HP: 36/36 MP: 4/9
  4796 | D:4      | Reached skill level 6 in Alchemy
  4830 | D:4      | Noticed Blork the orc
  4845 | D:4      | Killed Blork the orc
  4846 | D:4      | Reached skill level 1 in Air Magic
  5101 | D:5      | Entered Level 5 of the Dungeon
  5603 | D:5      | Reached XP level 7. HP: 41/41 MP: 4/10
  5661 | D:5      | Learned a level 4 spell: Olgreb's Toxic Radiance
  6099 | D:5      | Reached skill level 7 in Alchemy
  6497 | D:6      | Noticed Maggie
  6697 | D:6      | Found a staircase to the Ecumenical Temple.
  6712 | Temple   | Entered the Ecumenical Temple
  6725 | Temple   | Became a worshipper of the Wu Jian Council
  6844 | D:6      | Found a runed translucent door.
  6844 | D:6      | Noticed Darkkill's ghost (novice MiHu)
  7099 | D:6      | Noticed a hornet
  7109 | D:6      | Killed a hornet
  7110 | D:6      | Reached XP level 8. HP: 46/46 MP: 3/11
  7322 | D:6      | Reached skill level 8 in Alchemy
  7528 | D:6      | Found Qyrab's Antique Armour Boutique.
  7645 | D:6      | Killed Maggie
  7646 | D:6      | Reached skill level 5 in Unarmed Combat
  8416 | D:7      | Identified the +6 spear "Qaxi" {holy, rPois rF- rC++ Str+2}
  8416 | D:7      | Noticed Maurice
  8461 | D:7      | Reached XP level 9. HP: 51/51 MP: 4/12
  8700 | D:7      | Got the Quarto of Skeletons and the Vector
  8732 | D:7      | Found a large runed translucent door.
  8732 | D:7      | Found a large runed translucent door.
  8745 | D:7      | Found a large runed translucent door.
  8745 | D:7      | Found a large runed translucent door.
  9072 | D:7      | Found an iron altar of Okawaru.
  9103 | D:7      | Reached skill level 1 in Shapeshifting
  9490 | D:7      | Found a white marble altar of Elyvilon.
  9613 | D:8      | Reached * piety under Wu Jian
  9764 | D:6      | Succumbed to something's curare-tipped dart

Illustrated notes

Levels and vault maps discovered:
D:1:      tarquinn_simple_flora_water_a, layout_basic,
          dreamdust_ecumenical_altar_drowned_temple, serial_shops,
          nicolae_shop_rolling_square
D:2:      minmay_door_path, layout_loops_ring
D:3:      layout_basic, mainiacjoe_overflow_boulevard
D:4:      cheibrodos_quashed, layout_cave_pools, uniq_blork_the_orc
D:5:      layout_basic
D:6:      layout_gridville, minmay_temple_entry_statues_pillars, serial_shops,
          nicolae_shop_back_alley_shop, gammafunk_ghost_grave,
          corexii_leaking_fountain, minmay_fractal_squares_gapless_5,
          uniq_maggie
D:7:      layout_basic, okawaru_ov_weapons_minmay, lemuel_crystal_altar,
          minmay_hollow_rounded_squares, uniq_maurice
D:8:      layout_loops_ring, cheibrodos_ashenzari_chains,
          gammafunk_temple_overflow_wave, minmay_lair_entry_grove
Temple:   nicolae_temple_superstar

Skill      XL: |  1  2  3  4  5  6  7  8  9 |
---------------+----------------------------+-----
Unarmed Combat | 1 2 3 4 5 6 |  6.4
Alchemy        | 4 5 6 7 8 |  8.8
Conjurations   | 2 3 |  3.9
Air Magic      | 1 3 4 |  4.5
Shapeshifting  | 1 |  1.9
Stealth        | 3 |  3.0
Fighting       | |  0.1
Dodging        | |  2.1
Spellcasting   | |  2.0

Action                     |  1- 3 |  4- 6 |  7- 9 || total
---------------------------+-------+-------+-------++-------
  Melee: Unarmed           |    23 |    32 |   100 ||   155
         Constrict         |    12 |    14 |    22 ||    48
         Tentacles         |     7 |    15 |    25 ||    47
         Dagger            |    27 |    16 |       ||    43
         Punch             |     1 |       |     7 ||     8
   Cast: Sting             |    33 |    28 |    64 ||   125
         Mercury Vapours   |    12 |    50 |    47 ||   109
         Mephitic Cloud    |       |       |    16 ||    16
Ability: Lunge             |       |       |    18 ||    18
  Evoke: Wand              |       |       |    11 ||    11
    Use: Scroll            |     3 |    10 |     6 ||    19
         Potion            |       |       |     1 ||     1
   Stab: Sleeping          |     3 |       |       ||     3
         Confused          |       |       |     2 ||     2
 Armour: Skin              |    19 |    11 |    40 ||    70
  Dodge: Dodged            |    26 |    24 |    47 ||    97
  Block: Other             |       |     5 |    10 ||    15
         Reflection        |       |       |     1 ||     1

Table legend: (Time is in decaauts)
 A = Elapsed time spent in this place.
 B = Non-inter-level travel time spent in this place.
 C = Inter-level travel time spent in this place.
 D = Time resting spent in this place.
 E = Time spent auto-exploring this place.
 F = Levels seen in this place.
 G = Mean time per level.
                   A        B        C        D        E       F      G
               +--------+--------+--------+--------+--------+-----+--------+
         Total |   9749 |   8740 |   1009 |   2553 |   3316 |   9 | 1083.2 |
       Dungeon |   9722 |   8737 |    985 |   2553 |   3316 |   8 | 1215.2 |
        Temple |     26 |      2 |     24 |      0 |      0 |   1 |   26.0 |
               +--------+--------+--------+--------+--------+-----+--------+

Top non-repeatable levels by time:
     D:6: 1847 daAuts
     D:5: 1519 daAuts
     D:3: 1477 daAuts
     D:1: 1448 daAuts
     D:2: 1411 daAuts
     D:7: 1110 daAuts
     D:4: 782 daAuts
     D:8: 126 daAuts
  Temple: 26 daAuts
